 Dungeon Crawl Stone Soup version 0.23.1 (webtiles) character file.

Game seed: 4097965963038267176

29 Chiseanne the Grasshopper (level 3, -29/25 HPs)
             Began as an Octopode Warper on Mar 1, 2019.
             Annihilated by an ogre
             ... wielding a +0 giant spiked club
              (33 damage)
             ... on level 2 of the Dungeon.
             The game lasted 00:01:26 (946 turns).

Chiseanne the Grasshopper (Octopode Warper)          Turns: 946, Time: 00:01:27

Health: -29/25     AC:  8    Str: 11    XL:     3   Next: 16%
Magic:  6/6        EV: 14    Int: 15    God:
Gold:   48         SH:  0    Dex: 11    Spells: 6/6 levels left

rFire    . . .     SeeInvis .   a - +3 mace (protect)
rCold    . . .     Gourm    .   (no shield)
rNeg     . . .     Faith    .   (helmet restricted)
rPois    .         Spirit   .   (no amulet)
rElec    .         Reflect  .   (no ring)
rCorr    .         Harm     .   (no ring)
MR       .....                  (no ring)
Stlth    +++.......             (no ring)
HPRegen  0.08/turn              (no ring)
MPRegen  0.10/turn              (no ring)
                                (no ring)
                                (no ring)

@: protection aura
A: almost no armour, stealthy swim, amphibious, 8 rings, constrict 8, camouflage
1, gelatinous body 1
a: no special abilities


You were on level 2 of the Dungeon.
You were not hungry.

You visited 1 branch of the dungeon, and saw 2 of its levels.

You collected 48 gold pieces.

Inventory:

Hand Weapons
 a - a +3 mace of protection (weapon)
Missiles
 b - 7 poisoned needles
 d - 5 tomahawks of dispersal (quivered)
 l - 2 tomahawks
 m - 31 arrows
 n - 4 stones
Scrolls
 c - a scroll of blinking
 g - a scroll of remove curse
 h - 2 scrolls of fog
 i - a scroll of fear
 j - a scroll of teleportation {unknown}
 p - a scroll of immolation {unknown}
Potions
 e - a potion of mutation {unknown}
 k - a potion of ambrosia {unknown}
 o - a potion of haste {unknown}
Comestibles
 f - 4 rations


   Skills:
 * Level 2.5 Fighting
   Level 2.0 Short Blades
 - Level 1.0 Throwing
 * Level 2.9 Dodging
 * Level 2.1 Stealth
 - Level 2.0 Spellcasting
   Level 3.0 Translocations


You had 6 spell levels left.
You didn't know any spells.
Your spell library contained the following spells:

 Spells                   Type           Power        Failure   Level  Hunger
 Blink                    Tloc           N/A          10%         2    ###....
 Shroud of Golubria       Chrm/Tloc      #.........   19%         2    ###....
 Gell's Gravitas          Tloc           ##........   19%         3    ###....
 Lesser Beckoning         Tloc           ##........   19%         3    ###....
 Teleport Other           Tloc           ##......     19%         3    ###....
 Passage of Golubria      Tloc           N/A          54%         4    #####..


Dungeon Overview and Level Annotations

Branches:
Dungeon (2/15)

Altars:


Innate Abilities, Weirdness & Mutations

You cannot wear most types of armour.
You are very stealthy in the water. (Stealth+)
You are amphibious.
You can wear up to eight rings at the same time.
You can use your tentacles to constrict eight enemies at once.
Your skin changes colour to match your surroundings (Stealth+).
Your rubbery body absorbs attacks. (AC +1, EV +1)


Message History

You are too injured to fight recklessly!
You are too injured to fight recklessly!
You are too injured to fight recklessly!
You are too injured to fight recklessly!
You are too injured to fight recklessly!
You are too injured to fight recklessly!
You are too injured to fight recklessly!
You are too injured to fight recklessly!
You are too injured to fight recklessly!
You are too injured to fight recklessly!
You are too injured to fight recklessly!
You are too injured to fight recklessly!
You are too injured to fight recklessly!
You are too injured to fight recklessly!
You sock the ogre!
Your weapon exudes an aura of protection.
The ogre is moderately wounded.
The ogre hits you with a +0 giant spiked club!!
Ouch! That really hurt!
You die...

####### #.....# #
#.###.#####.#
#...........#
#######...........#
#............@....#
#......<.....O....#
#.................#
#######...........#
#..........##
#..........#
#...)....$.#
#..........#
#........


You could see an ogre.

Vanquished Creatures
  A dart slug (D:1)
  2 giant cockroaches
  A goblin (D:1)
  4 hobgoblins (D:1)
  6 jackals (D:1)
  2 kobolds (D:1)
  6 bats (D:1)
  2 rats (D:1)
24 creatures vanquished.

Notes
Turn   | Place    | Note
-------+----------+-------------------------------------------
     0 | D:1      | Chiseanne the Octopode Warper began the quest for the Orb.
     0 | D:1      | Reached XP level 1. HP: 14/14 MP: 3/3
   213 | D:1      | Reached skill level 1 in Stealth
   214 | D:1      | Reached XP level 2. HP: 19/19 MP: 5/5
   565 | D:1      | Reached XP level 3. HP: 23/25 MP: 6/6
   941 | D:2      | Noticed an ogre
   946 | D:2      | Annihilated by an ogre

Skill      XL: |  1  2 |
---------------+-------+-----
Stealth        | 1 2 |  2.1
Fighting       | |  2.5
Short Blades   | |  2.0
Throwing       | |  1.0
Dodging        | |  2.9
Spellcasting   | |  2.0
Translocations | |  3.0

Action                   || total
-------------------------++-------
Melee: Mace              ||    43
       Short sword       ||     3
       Constrict         ||     9
       Tentacles         ||     3
  Use: Scroll            ||     4
 Stab: Sleeping          ||     6
Armor: Skin              ||    10
Dodge: Dodged            ||    35
